 Dungeon Crawl Stone Soup version 0.21.1-1-g345015fe64 (webtiles) character file.

7131 OlSheep the Thaumaturge (level 10, -7/56 HPs)
             Began as a Deep Elf Conjurer on June 26, 2018.
             Was an Elder of Sif Muna.
             Mangled by Snorg (10 damage)
             ... on level 10 of the Dungeon on July 3, 2018.
             The game lasted 01:31:38 (13547 turns).

OlSheep the Thaumaturge (Deep Elf Conjurer)        Turns: 13547, Time: 01:31:42

Health: -7/56      AC:  7    Str:  7    XL:     10   Next: 85%
Magic:  10/28      EV: 11    Int: 24    God:    Sif Muna [****..]
Gold:   558        SH:  0    Dex: 15    Spells: 15/33 levels left

rFire    . . .     SeeInvis .   q - +4 quarterstaff (chaos)
rCold    . . .     Gourm    .   (shield currently unavailable)
rNeg     . . .     Faith    +   x - -1 ring mail (curse)
rPois    .         Spirit   .   y - +0 helmet
rElec    .         Reflect  .   t - +0 cloak
rCorr    .         Harm     .   P - +0 pair of gloves
MR       +....                  (no boots)
Stlth    +.........             r - amulet of faith
HPRegen  0.18/turn              s - ring of wizardry
MPRegen  0.21/turn              n - +2 ring of strength

@: heavily drained, divine energy
A: no striking features
a: Stop Divine Energy, Channel Magic, Forget Spell, Renounce Religion


You were on level 10 of the Dungeon.
You worshipped Sif Muna.
Sif Muna was greatly pleased with you.
You were not hungry.

You visited 2 branches of the dungeon, and saw 11 of its levels.

You collected 558 gold pieces.

Inventory:

Hand Weapons
 q - a +4 quarterstaff of chaos (weapon)
 K - a +1 trident of venom
 L - a +0 dagger of electrocution
Armour
 a - a +1 scale mail of fire resistance
 m - a +1 leather armour of magic resistance
 t - a +0 cloak (worn)
 x - a cursed -1 ring mail (worn)
 y - a +0 helmet (worn)
 O - the +0 robe "Earthly Heaven" {rC+ Regen+}
   (You found it on level 7 of the Dungeon)

   It protects you from cold.
   It increases your rate of regeneration.
 P - a +0 pair of gloves (worn)
Magical Staves
 p - an uncursed staff of cold
Jewellery
 j - an uncursed ring of flight
 n - a +2 ring of strength (right hand)
 r - an amulet of faith (around neck)
 s - a ring of wizardry (left hand)
 z - an uncursed ring of ice
 B - an uncursed ring of fire
Wands
 d - a wand of polymorph (12)
 f - a wand of enslavement (29)
 G - a wand of acid (13)
 J - a wand of flame (9)
 M - a wand of iceblast (15)
Scrolls
 h - a scroll of teleportation
 k - a scroll of identify
 u - 4 scrolls of amnesia
 v - a scroll of fear
 D - a scroll of holy word {unknown}
 N - 2 scrolls of enchant armour {unknown}
 Q - a scroll of vulnerability {unknown}
 S - 2 scrolls of blinking
Potions
 e - 5 potions of might
 g - 2 potions of mutation
 l - a potion of cancellation {unknown}
 w - a potion of haste {unknown}
 E - a potion of heal wounds {unknown}
 F - 4 potions of brilliance
 H - a potion of agility {unknown}
 R - a potion of ambrosia {unknown}
Books
 b - a book of Conjurations

   Spells                             Type                      Level
   a - Magic Dart                     Conjuration                  1
   b - Searing Ray                    Conjuration                  2
   c - Dazzling Spray                 Conjuration/Hexes            3
   d - Fulminant Prism                Conjuration/Hexes            4
   e - Force Lance                    Conjuration/Translocation    4
   f - Iskenderun's Mystic Blast      Conjuration                  4
Comestibles
 c - 22 rations


   Skills:
 + Level 3.1(1.5) Fighting
 + Level 5.3(3.6) Staves
 + Level 4.2(2.6) Armour
 + Level 5.6(3.8) Dodging
 - Level 2.4(0.8) Stealth
 + Level 12.0(9.9) Spellcasting
 + Level 10.9(8.9) Conjurations
 + Level 3.7(2.0) Hexes
 + Level 2.9(1.3) Translocations


You had 15 spell levels left.
You knew the following spells:

 Your Spells              Type           Power        Failure   Level  Hunger
a - Magic Dart            Conj           ####         1%          1    None
b - Searing Ray           Conj           ######       1%          2    None
c - Dazzling Spray        Conj/Hex       #####.       2%          3    None
d - Iskenderun's Mystic   Conj           ######..     1%          4    #......
e - Fulminant Prism       Conj/Hex       #####.....   7%          4    #......
f - Force Lance           Conj/Tloc      #####...     9%          4    #......


Dungeon Overview and Level Annotations

Branches:
Dungeon (10/15)            Temple (1/1) D:6
   Lair: D:8-11         Orc: D:9-12

Altars:
Ashenzari
Cheibriados
Dithmenos
Elyvilon
Fedhas
Gozag
Hepliaklqana
Kikubaaqudgha
Makhleb
Nemelex Xobeh
Okawaru
Qazlal
Ru
Sif Muna
Trog
Uskayaw
Vehumet
Wu Jian
Xom
Yredelemnul
Zin
The Shining One

Shops:
D:10 (

Annotations:
D:4 Menkaure
D:8 1 runed door, exclusions: door and sixfirhy
D:10 Snorg


Message History

Snorg bites you but does no damage. Snorg misses you. Snorg barely misses you.
The searing ray hits Snorg.
Snorg is severely wounded.
You finish channeling your searing ray.
Snorg goes berserk!
Casting: Searing Ray
Confirm with . or Enter, or press ? or * to list all spells.
Aiming: Searing Ray
Press: ? - help, Shift-Dir - straight line, f/p - Snorg
Aim: Snorg (severely wounded, berserk, fast, unusually strong)
The searing ray hits Snorg.
Snorg is severely wounded. (Press . to maintain the ray.) Snorg bites you but does no damage.
Snorg claws you! x2
The searing ray hits Snorg.
Snorg is severely wounded.
Snorg bites you!!
* * * LOW HITPOINT WARNING * * *
Snorg barely misses you. Snorg misses you. Snorg barely misses you.
Snorg misses you. Snorg claws you!
You die...

######## #......#
...########......###############
................................
.......####......#####...#######
...%... #..............#######
....... #...T@................
....... #.....................
....... #.....................
....... #.....................
....... #.....................
#.....................
#####.......##........ ≈
#...........# ........ .∩
#.[.........# ...#


You could see Snorg (berserk).

Vanquished Creatures
  2 two-headed ogres
  The ghost of gorpus the Changer, a novice OpTm of Kikubaaqudgha (D:6)
  A queen bee (D:9)
  A hippogriff (D:9)
  2 yaks (D:9)
  A human (D:9)
  2 hogs (D:9)
  A water moccasin (D:8)
  3 orc warriors
  The ghost of Tali the Skirmisher, an amateur MiFi (D:3)
  A phantom (D:7)
  A sky beast (D:9)
  An ogre (D:6)
  A necrophage (D:6)
  4 centaurs
  3 bullfrogs
  4 scorpions
  32 killer bees
  3 wights (D:9)
  3 howler monkeys (D:8)
  A crimson imp (D:7)
  3 jellies
  A centaur skeleton (D:7)
  6 orc priests
  Crazy Yiuf (D:2)
  7 hounds
  Jessica (D:2)
  3 iguanas
  13 orc wizards
  2 worker ants (D:8)
  A hound zombie (D:5)
  A howler monkey zombie (D:6)
  A worker ant zombie (D:7)
  7 gnolls
  2 howler monkey skeletons
  5 adders
  2 shadow imps
  4 adder skeletons
  3 worms
  2 dart slugs
  A leopard gecko (D:5)
  46 orcs
  2 giant cockroaches
  5 goblins
  7 hobgoblins
  6 jackals
  7 kobolds
  3 quokkas
  7 bats (D:1)
  5 frilled lizards
  A jackal skeleton (D:7)
  A quokka skeleton (D:5)
  7 rats
  A fungus (D:3)
233 creatures vanquished.

Vanquished Creatures (others)
  50 fulminant prisms
50 creatures vanquished.

Grand Total: 283 creatures vanquished

Notes
Turn   | Place    | Note
-------+----------+-------------------------------------------
     0 | D:1      | OlSheep the Deep Elf Conjurer began the quest for the Orb.
     0 | D:1      | Reached XP level 1. HP: 10/10 MP: 6/6
   150 | D:1      | Reached XP level 2. HP: 15/15 MP: 4/8
   279 | D:1      | Reached skill level 5 in Conjurations
   295 | D:1      | Learned a level 2 spell: Searing Ray
   777 | D:1      | Reached XP level 3. HP: 17/19 MP: 5/9
   904 | D:2      | Found a burning altar of Makhleb.
   994 | D:2      | Learned a level 3 spell: Dazzling Spray
  1222 | D:2      | Reached XP level 4. HP: 24/24 MP: 7/11
  1411 | D:2      | Noticed Jessica
  1417 | D:2      | Killed Jessica
  1417 | D:2      | Reached skill level 4 in Spellcasting
  1791 | D:2      | Found a runed door.
  1795 | D:2      | Noticed Crazy Yiuf
  1799 | D:2      | Killed Crazy Yiuf
  1799 | D:2      | Reached XP level 5. HP: 28/28 MP: 8/13
  1882 | D:2      | Learned a level 4 spell: Iskenderun's Mystic Blast
  2130 | D:3      | Noticed Tali's ghost (amateur MiFi)
  2463 | D:4      | Reached skill level 5 in Spellcasting
  2751 | D:4      | Reached XP level 6. HP: 32/32 MP: 9/16
  3139 | D:4      | Reached skill level 6 in Spellcasting
  3432 | D:3      | Killed Tali's ghost
  3919 | D:4      | Reached XP level 7. HP: 37/37 MP: 10/18
  4075 | D:4      | Reached skill level 1 in Armour
  4139 | D:4      | Noticed Menkaure
  4174 | D:5      | Entered Level 5 of the Dungeon
  4433 | D:5      | Reached skill level 7 in Spellcasting
  4827 | D:5      | Found a sacrificial altar of Ru.
  5282 | D:6      | Reached skill level 1 in Staves
  5336 | D:6      | Learned a level 4 spell: Fulminant Prism
  5341 | D:6      | Learned a level 4 spell: Force Lance
  5385 | D:6      | Reached skill level 1 in Fighting
  5418 | D:6      | Noticed gorpus's ghost (novice OpTm)
  5489 | D:6      | Found a staircase to the Ecumenical Temple.
  5507 | Temple   | Entered the Ecumenical Temple
  5783 | Temple   | Became a worshipper of Sif Muna the Loreminder
  5817 | D:6      | Killed gorpus's ghost
  5817 | D:6      | Reached XP level 8. HP: 27/43 MP: 3/21
  5974 | D:6      | Reached skill level 8 in Spellcasting
  6738 | D:6      | Reached skill level 1 in Hexes
  6969 | D:6      | Reached * piety under Sif Muna
  7017 | D:6      | Found an iron altar of Okawaru.
  7373 | D:7      | Reached XP level 9. HP: 12/48 MP: 9/23
  7781 | D:6      | Reached skill level 9 in Spellcasting
  7995 | D:6      | Found a bloodstained altar of Trog.
  8798 | D:7      | Got an ominously black robe
  8913 | D:7      | Found a white marble altar of Elyvilon.
  9086 | D:8      | Noticed a two-headed ogre
  9120 | D:8      | Found a runed door.
  9120 | D:8      | Noticed a sixfirhy
  9224 | D:8      | Got a faintly glowing dagger
  9241 | D:8      | Lost strength.
  9475 | D:8      | Reached ** piety under Sif Muna
  9535 | D:8      | Found a radiant altar of Vehumet.
  9564 | D:8      | Found a glowing silver altar of Zin.
  9566 | D:8      | Found a basalt altar of Yredelemnul.
  9568 | D:8      | Found an opulent altar of Gozag.
  9569 | D:8      | Found a hide-covered altar of Uskayaw.
  9794 | D:8      | Found a burning altar of Makhleb.
  9823 | D:8      | Killed a two-headed ogre
  9823 | D:8      | Reached skill level 10 in Spellcasting
 10031 | D:8      | Reached skill level 1 in Translocations
 10031 | D:8      | Reached skill level 10 in Conjurations
 10575 | D:9      | Reached XP level 10. HP: 54/54 MP: 14/26
 10576 | D:9      | Reached *** piety under Sif Muna
 10586 | D:9      | Reached skill level 5 in Staves
 10738 | D:9      | Found an opulent altar of Gozag.
 10855 | D:9      | Identified the +4 dagger "Jellybane" {flame, Str+3} (You found it on level 8 of the Dungeon)
 11191 | D:9      | Reached skill level 5 in Dodging
 11478 | D:9      | Noticed a two-headed ogre
 11500 | D:9      | Killed a two-headed ogre
 11500 | D:9      | Reached skill level 11 in Spellcasting
 12292 | D:9      | Reached **** piety under Sif Muna
 13187 | D:10     | Entered Level 10 of the Dungeon
 13203 | D:10     | Found Icelixt's Antique Weapon Emporium.
 13348 | D:10     | Reached skill level 12 in Spellcasting
 13362 | D:10     | Got a brightly glowing robe
 13378 | D:10     | Identified the +0 robe "Wileb" {*Drain Regen+ Stlth+} (You found it on level 10 of the Dungeon)
 13399 | D:10     | Identified the cursed +0 robe "Earthly Heaven" {rC+ Regen+} (You found it on level 7 of the Dungeon)
 13526 | D:10     | Noticed Snorg
 13547 | D:10     | Mangled by Snorg

Skill      XL: |  1  2  3  4  5  6  7  8  9 10 |
---------------+-------------------------------+-----
Conjurations   | 5 6 7 8 10 | 10.9
Spellcasting   | 4 5 6 7 8 10 12 | 12.0
Armour         | 2 3 4 |  4.2
Dodging        | 3 4 5 |  5.6
Staves         | 2 3 4 5 |  5.3
Fighting       | 1 2 3 |  3.1
Hexes          | 2 3 |  3.7
Translocations | 1 2 |  2.9
Stealth        | |  2.4

Action                   |  1- 3 |  4- 6 |  7- 9 | 10-12 || total
-------------------------+-------+-------+-------+-------++-------
Melee: Mace              |       |     2 |       |       ||     2
       Quarterstaff      |       |       |    81 |     3 ||    84
 Cast: Magic Dart        |    44 |    24 |    27 |     6 ||   101
       Searing Ray       |    14 |    18 |    46 |     8 ||    86
       Iskenderun's Myst |       |     8 |    28 |    23 ||    59
       Fulminant Prism   |       |       |    29 |    21 ||    50
       Dazzling Spray    |       |       |     4 |     5 ||     9
       Force Lance       |       |       |     3 |    16 ||    19
Invok: Divine Energy     |       |       |       |     1 ||     1
  Use: Scroll            |     6 |     2 |     5 |     5 ||    18
       Potion            |       |       |       |     2 ||     2
  Eat: Chunk             |     1 |     6 |    16 |     3 ||    26
       Ration            |       |     1 |     2 |     2 ||     5
Armor: Leather armour    |       |     2 |    33 |    19 ||    54
       Ring mail         |       |       |       |     3 ||     3
Dodge: Dodged            |    14 |     6 |   103 |    47 ||   170
